 Dungeon Crawl Stone Soup version 0.22-a0-354-g30dfbe6 (webtiles) character file.

10305 RoseArtemis the Carver (level 11, -5/100 HPs)
             Began as a Minotaur Fighter on Apr 16, 2018.
             Was a High Priest of Okawaru.
             Slain by Urug
             ... wielding a +5 long sword
              (19 damage)
             ... on level 10 of the Dungeon.
             The game lasted 00:26:32 (8999 turns).

RoseArtemis the Carver (Minotaur Fighter)           Turns: 8999, Time: 00:26:32

Health: -5/100     AC: 21    Str: 20    XL:     11   Next: 34%
Magic:  6/12       EV:  9    Int:  6    God:    Okawaru [*****.]
Gold:   385        SH: 14    Dex: 13    Spells: 10/10 levels left

rFire    . . .     SeeInvis .   a - +5 long sword (elec)
rCold    . . .     Gourm    .   c - +0 shield
rNeg     . . .     Faith    .   J - +0 plate armour
rPois    .         Spirit   .   (helmet restricted)
rElec    .         Reflect  .   r - +1 cloak
rCorr    .         Harm     .   (no gloves)
MR       ++...                  M - +0 pair of boots
Stlth    ..........             I - amulet of the acrobat
HPRegen  0.26/turn              P - ring of protection from magic
MPRegen  0.13/turn              D - ring of protection from magic

@: heroism, finesse
A: retaliatory headbutt, horns 2
a: Heroism, Finesse, Renounce Religion


You were on level 10 of the Dungeon.
You worshipped Okawaru.
Okawaru was extremely pleased with you.
You were not hungry.

You visited 2 branches of the dungeon, and saw 11 of its levels.

You collected 739 gold pieces.
You spent 354 gold pieces at shops.

Inventory:

Hand Weapons
 a - a +5 long sword of electrocution (weapon)
 b - a +0 scimitar of draining
 O - a +2 double sword of holy wrath
Armour
 c - a +0 shield (worn)
 r - a +1 cloak (worn)
 J - a +0 plate armour (worn)
 M - a +0 pair of boots (worn)
Jewellery
 m - an uncursed ring of resist corrosion
 q - an uncursed ring of protection from cold
 D - a ring of protection from magic (right hand)
 I - an amulet of the acrobat (around neck)
 P - a ring of protection from magic (left hand)
Wands
 j - a wand of enslavement (10)
 y - a wand of random effects (10)
 F - a wand of acid (15)
 G - a wand of clouds (5)
Scrolls
 o - a scroll of random uselessness
 s - 3 scrolls of remove curse
 u - 3 scrolls of magic mapping
 w - 2 scrolls of teleportation
 x - a scroll of amnesia
 B - a scroll of immolation
 E - a scroll of enchant armour
 L - a scroll of fog
Potions
 d - 4 potions of might
 e - 2 potions of haste
 g - a potion of resistance {unknown}
 h - 2 potions of ambrosia {unknown}
 i - 4 potions of lignification
 k - 5 potions of heal wounds
 l - 3 potions of degeneration {unknown}
 n - 2 potions of mutation {unknown}
 t - 3 potions of curing
 v - a potion of magic {unknown}
 A - a potion of flight {unknown}
 K - a potion of invisibility {unknown}
Comestibles
 f - 21 rations


   Skills:
 + Level 10.3(15.3) Fighting
 * Level 13.3(18.3) Long Blades
 + Level 10.3(15.3) Armour
 - Level 9.6(14.6) Shields
 + Level 2.8 Invocations


You had 10 spell levels left.
You didn't know any spells.

Dungeon Overview and Level Annotations

Branches:
Dungeon (10/15)            Temple (1/1) D:4
   Lair: D:8-11         Orc: D:9-12

Altars:
Ashenzari
Cheibriados
Dithmenos
Elyvilon
Gozag
Hepliaklqana
Kikubaaqudgha
Makhleb
Nemelex Xobeh
Okawaru
Qazlal
Ru
Sif Muna
Trog
Uskayaw
Vehumet
Wu Jian
Xom
Yredelemnul
Zin

Shops:
D:8 *

Annotations:
D:5 1 runed door
D:10 Urug


Innate Abilities, Weirdness & Mutations

You reflexively headbutt those who attack you in melee.
You have a pair of horns on your head.


Message History

You closely miss Urug.
Urug is heavily wounded.
You block Urug's attack.
You slash Urug!
Urug is heavily wounded.
Urug hits you with an enchanted long sword!!
* * * LOW HITPOINT WARNING * * *
You can now deal lightning-fast blows.
The orc throws a tomahawk.
You block the tomahawk.
You hit Urug.
Urug is severely wounded.
You block Urug's attack.
You closely miss Urug. Your headbutt misses Urug.
Urug is severely wounded.
You closely miss Urug.
Urug is severely wounded.
You barely miss Urug. You headbutt Urug, but do no damage.
Urug is severely wounded.
Urug hits you with an enchanted long sword!!
You die...

#.#####.<...#
##...........##
###...####(.....#
.....(..#####...#
#$.............
#....(......... #
##)(..(.........
#####.###.........##....
.......@oO..............
#####..##........###....
#............# #...#
....###.#...#.# #...#
####( #...?..... ..## #.
#..###.### #. #..# .. #$
.#


You could see Urug and an ogre.

Vanquished Creatures
  4 two-headed ogres (D:9)
  Pikel (D:5)
  2 trolls (D:9)
  Prince Ribbit (D:5)
  A hippogriff (D:7)
  Grinder (D:6)
  The ghost of 4thArraOfDagon the Firebug, an amateur OpFE (D:7)
  Sigmund (D:6)
  A spriggan (D:7)
  2 yaks (D:9)
  A wyvern (D:9)
  A basilisk (D:9)
  2 soldier ants (D:5)
  A phantom (D:9)
  3 orc warriors
  4 ice beasts
  2 sky beasts
  A black bear (D:9)
  2 eyes of draining (D:9)
  2 necrophages
  7 ogres
  2 centaurs
  Blork the orc (D:4)
  7 bullfrogs
  8 scorpions
  5 howler monkeys
  5 wights (D:3)
  3 crimson imps
  A jelly (D:5)
  3 bullfrog zombies
  Crazy Yiuf (D:5)
  4 hounds
  6 orc priests
  A centaur skeleton (D:4)
  A gnoll shaman (D:7)
  Ijyb (D:3)
  4 iguanas
  12 orc wizards
  8 worker ants
  A hound zombie (D:9)
  A hound skeleton (D:4)
  A mummy (D:9)
  A worker ant zombie (D:7)
  13 adders
  6 gnolls
  A shadow imp (D:6)
  An ooze (D:1)
  An adder zombie (D:9)
  5 adder skeletons
  5 worms
  A dart slug (D:1)
  4 leopard geckos
  24 orcs
  12 giant cockroaches
  7 goblins
  12 hobgoblins
  16 jackals
  3 quokkas
  2 ball pythons
  5 bats
  5 frilled lizards
  A jackal skeleton (D:4)
  3 kobolds
  3 leopard gecko skeletons
  2 quokka skeletons
  9 rats
  A butterfly (D:5)
260 creatures vanquished.

Vanquished Creatures (others)
  A wizard (D:5)
  A shadow imp (D:5)
  A butterfly (D:5)
3 creatures vanquished.

Grand Total: 263 creatures vanquished

Notes
Turn   | Place    | Note
-------+----------+-------------------------------------------
     0 | D:1      | RoseArtemis the Minotaur Fighter began the quest for the Orb.
     0 | D:1      | Reached XP level 1. HP: 19/19 MP: 0/0
   209 | D:1      | Reached XP level 2. HP: 27/27 MP: 1/1
   308 | D:1      | Reached skill level 3 in Long Blades
   645 | D:1      | Reached XP level 3. HP: 33/33 MP: 2/2
  1130 | D:2      | Found a faded altar of an unknown god.
  1181 | D:2      | Found a white marble altar of Elyvilon.
  1203 | D:2      | Reached XP level 4. HP: 40/40 MP: 3/3
  1403 | D:2      | Reached skill level 4 in Long Blades
  1430 | D:2      | Found a burning altar of Makhleb.
  1430 | D:2      | Found a glowing silver altar of Zin.
  1431 | D:2      | Noticed an angel
  1431 | D:2      | Noticed a green death
  1942 | D:3      | You fall through a shaft!
  1945 | D:4      | Reached XP level 5. HP: 47/47 MP: 4/4
  2075 | D:3      | Noticed Ijyb
  2081 | D:3      | Killed Ijyb
  2195 | D:3      | Reached skill level 5 in Long Blades
  2197 | D:3      | Reached XP level 6. HP: 50/55 MP: 5/5
  2205 | D:3      | Reached skill level 5 in Fighting
  2205 | D:3      | Reached skill level 5 in Shields
  2208 | D:3      | Reached skill level 5 in Armour
  2574 | D:4      | Found a staircase to the Ecumenical Temple.
  2589 | D:4      | Reached skill level 6 in Long Blades
  2589 | D:4      | Reached XP level 7. HP: 41/61 MP: 6/6
  2606 | Temple   | Entered the Ecumenical Temple
  2803 | Temple   | Became a worshipper of Warmaster Okawaru
  3551 | D:4      | Reached skill level 7 in Long Blades
  3567 | D:4      | Reached * piety under Okawaru
  3688 | D:4      | Noticed Blork the orc
  3694 | D:4      | Reached XP level 8. HP: 70/70 MP: 7/7
  3706 | D:4      | Killed Blork the orc
  4077 | D:5      | Entered Level 5 of the Dungeon
  4155 | D:5      | Found a runed door.
  4164 | D:5      | Found a runed door.
  4200 | D:5      | Reached skill level 8 in Long Blades
  4249 | D:5      | Noticed Pikel
  4264 | D:5      | Killed Pikel
  4264 | D:5      | Reached ** piety under Okawaru
  4264 | D:5      | Reached skill level 9 in Long Blades
  4356 | D:5      | Reached XP level 9. HP: 62/79 MP: 8/8
  4432 | D:5      | Noticed Prince Ribbit
  4438 | D:5      | Killed Prince Ribbit
  4558 | D:5      | Found a bloodstained altar of Trog.
  4601 | D:5      | Found a runed door.
  4643 | D:5      | Noticed a wizard
  4649 | D:5      | Killed a wizard
  4749 | D:5      | Noticed Crazy Yiuf
  4760 | D:5      | Killed Crazy Yiuf
  5207 | D:6      | Reached skill level 10 in Long Blades
  5224 | D:6      | Reached *** piety under Okawaru
  5256 | D:6      | Noticed Grinder
  5261 | D:6      | Killed Grinder
  5276 | D:6      | Noticed Sigmund
  5286 | D:6      | Killed Sigmund
  5717 | D:7      | Found a hide-covered altar of Uskayaw.
  5741 | D:7      | Noticed 4thArraOfDagon's ghost (amateur OpFE)
  5748 | D:7      | Killed 4thArraOfDagon's ghost
  5755 | D:7      | Reached skill level 11 in Long Blades
  5920 | D:7      | Found a shattered altar of Ashenzari.
  6093 | D:7      | Reached XP level 10. HP: 60/90 MP: 6/9
  6537 | D:8      | Found Xaceitwa's General Store.
  6666 | D:8      | Bought a scroll of fog for 24 gold pieces
  6666 | D:8      | Bought a scroll of remove curse for 36 gold pieces
  6666 | D:8      | Bought a +0 pair of boots for 54 gold pieces
  6666 | D:8      | Bought a scroll of brand weapon for 240 gold pieces
  6719 | D:8      | Found an ancient bone altar of Kikubaaqudgha.
  6736 | D:8      | Found a deep blue altar of Sif Muna.
  6754 | D:8      | Found a radiant altar of Vehumet.
  6765 | D:8      | Identified Vehumet's Incunabulum of Conjuration
  7122 | D:8      | Found an ornate altar of the Wu Jian Council.
  7253 | D:9      | Reached **** piety under Okawaru
  7273 | D:9      | Found a sacrificial altar of Ru.
  7338 | D:9      | Noticed a two-headed ogre
  7341 | D:9      | Noticed a two-headed ogre
  7345 | D:9      | Killed a two-headed ogre
  7345 | D:9      | Reached skill level 12 in Long Blades
  7349 | D:9      | Killed a two-headed ogre
  7351 | D:9      | Reached ***** piety under Okawaru
  7559 | D:9      | Reached skill level 1 in Invocations
  7605 | D:9      | Noticed a two-headed ogre
  7614 | D:9      | Killed a two-headed ogre
  7614 | D:9      | Received a gift from Okawaru
  7614 | D:9      | Reached XP level 11. HP: 66/99 MP: 4/11
  7764 | D:9      | Noticed a two-headed ogre
  7773 | D:9      | Killed a two-headed ogre
  7773 | D:9      | Reached skill level 10 in Fighting
  7773 | D:9      | Reached skill level 10 in Armour
  7781 | D:9      | Reached skill level 13 in Long Blades
  8675 | D:9      | Found a snail-covered altar of Cheibriados.
  8961 | D:10     | Entered Level 10 of the Dungeon
  8973 | D:10     | Noticed Urug
  8999 | D:10     | Slain by Urug

Vault maps used:
D:1:      dpeg_arrival_prison, kennysheep_boxes
D:2:      grunt_temple_overflow_order_and_chaos_2, elyvilon_altar_3,
          chequers_ecumenical_altar_grove
D:3:      nicolae_overflow_hidden_temple, grunt_decor_fettered, uniq_ijyb
D:4:      cheibrodos_barr_body, minmay_temple_entry_mist, first_ration,
          uniq_blork_the_orc
D:5:      lemuel_insect_pit, trog_wizard, uniq_prince_ribbit1,
          uniq_crazy_yiuf_cottage, uniq_pikel
D:6:      uniq_sigmund, uniq_grinder
D:7:      kennysheep_little_box, basic_altar, the_bakery
D:8:      palyth_temple_overflow_mages, lemuel_coloured_pillars_altar,
          serial_shops, shop_statue, minmay_misc_feat_nine_boxes
D:9:      hangedman_cross_cluster, slow_altar_2
D:10:     orc_0_dummy, nicolae_two_hexagons, uniq_snorg, uniq_josephine,
          uniq_urug, uniq_sonja
Temple:   minmay_temple_curvy_loop

Skill      XL: |  1  2  3  4  5  6  7  8  9 10 11 |
---------------+----------------------------------+-----
Long Blades    | 3 4 5 6 7 9 11 12 13 | 13.3
Armour         | 4 5 6 7 8 9 10 | 10.3
Shields        | 4 5 6 7 8 9 |  9.6
Fighting       | 4 5 6 7 8 9 10 | 10.3
Invocations    | 1 2 |  2.8

Action                   |  1- 3 |  4- 6 |  7- 9 | 10-12 || total
-------------------------+-------+-------+-------+-------++-------
Melee: Long sword        |   107 |   107 |   239 |   229 ||   682
       Headbutt          |    19 |    14 |    46 |    46 ||   125
       Double sword      |       |       |       |    17 ||    17
Invok: Heroism           |       |       |    10 |    11 ||    21
       Finesse           |       |       |       |     1 ||     1
  Use: Scroll            |       |     1 |     8 |    10 ||    19
       Potion            |       |       |     1 |     1 ||     2
  Eat: Chunk             |     1 |     5 |    11 |     9 ||    26
Armor: Scale mail        |    49 |    50 |    62 |     2 ||   163
       Plate armour      |       |       |       |    75 ||    75
Dodge: Dodged            |    14 |    23 |    65 |    33 ||   135
Block: Shield            |    52 |    56 |   123 |   109 ||   340
       Rpst.: Long sword |     1 |     7 |    13 |     8 ||    29

Table legend:
 A = Spawn XP
 B = Non-spawn XP
 C = Spawn XP percentage of total XP
 D = Spawn monster count
 E = Non-spawn monster count
 F = Spawn count percentage of total count
 G = Total turns spent on level
                    A         B        C        D         E        F      G
               +---------+---------+-------+---------+---------+-------+---------
         Total |       0 |   14722 |   0.0 |       0 |     259 |   0.0 |  8999
               +---------+---------+-------+---------+---------+-------+---------
           D:1 |       0 |      43 |   0.0 |       0 |      22 |   0.0 |   866
           D:2 |       0 |     115 |   0.0 |       0 |      35 |   0.0 |   907
           D:3 |       0 |     417 |   0.0 |       0 |      24 |   0.0 |   729
           D:4 |       0 |    1021 |   0.0 |       0 |      43 |   0.0 |  1348
           D:5 |       0 |    2158 |   0.0 |       0 |      32 |   0.0 |  1070
           D:6 |       0 |     882 |   0.0 |       0 |      10 |   0.0 |   507
           D:7 |       0 |    1330 |   0.0 |       0 |      24 |   0.0 |   802
           D:8 |       0 |     743 |   0.0 |       0 |      15 |   0.0 |   740
           D:9 |       0 |    7890 |   0.0 |       0 |      51 |   0.0 |  1765
          D:10 |       0 |     123 |   0.0 |       0 |       3 |   0.0 |    38
               +---------+---------+-------+---------+---------+-------+---------
